 Dungeon Crawl Stone Soup version 0.29.1-1-gd02db6906a (webtiles) character file.

Game seed: 9125310660958582012

244 Aibolit the Shield-Bearer (level 6, 0/49 HPs)
             Began as a Human Fighter on Oct 8, 2022.
             Was an Initiate of Trog.
             Slain by Grinder (8 damage)
             ... on level 3 of the Dungeon.
             The game lasted 00:05:31 (3235 turns).

Aibolit the Shield-Bearer (Human Fighter)           Turns: 3235, Time: 00:05:32

Health: 0/49       AC:  9    Str: 18    XL:     6   Next: 32%
Magic:  6/6        EV:  9    Int:  9    God:    Trog [......]
Gold:   179        SH:  5    Dex: 12    Spells: 5/5 levels left

rFire   . . .      SeeInvis .   i - +2 whip (holy)
rCold   . . .      Faith    .   c - +0 buckler
rNeg    . . .      Spirit   .   b - +0 scale mail
rPois   .          Reflect  .   (no helmet)
rElec   .          Harm     .   (no cloak)
rCorr   .          Rampage  .   m - +1 pair of gloves
Will    .....                   (no boots)
Stlth   ..........              (no amulet)
HPRegen 0.16/turn               (no ring)
MPRegen 0.10/turn               (no ring)

@: no status effects
A: no striking features
a: Renounce Religion


You were on level 3 of the Dungeon.
You worshipped Trog.
Trog was noncommittal.
You visited 1 branch of the dungeon, and saw 3 of its levels.

You collected 179 gold pieces.

Inventory:

Hand Weapons
 i - a +2 whip of holy wrath (weapon)
Armour
 b - a +0 scale mail (worn)
 c - a +0 buckler (worn)
 m - a +1 pair of gloves (worn)
Wands
 n - a wand of roots (7)
Scrolls
 e - a scroll of amnesia {unknown}
 f - a scroll of magic mapping {unknown}
 g - 2 scrolls of poison {unknown}
 j - 2 scrolls of enchant armour
 l - a scroll of identify {unknown}
 o - 2 scrolls of noise {unknown}
 p - 5 scrolls of teleportation {unknown}
 q - a scroll of fog {unknown}
Potions
 a - a potion of mutation {unknown}
 d - a potion of might
 h - 6 potions of heal wounds {unknown}
 k - a potion of cancellation {unknown}


   Skills:
 + Level 4.4 Fighting
 - Level 2.3 Short Blades
 + Level 4.4 Armour
 + Level 4.4 Shields


You had 5 spell levels left.
You didn't know any spells.
Your spell library contained the following spells:

 Spells                   Type           Power      Damage    Failure   Level
 Magic Dart               Conj           0%         1d3       85%         1
 Sandblast                Erth           0%         2d4       85%         1
 Summon Small Mammal      Summ           0%         N/A       85%         1
 Call Imp                 Summ           0%         N/A       94%         2
 Passwall                 Tmut/Erth      0%         N/A       94%         2
 Scorch                   Fire           0%         2d5       94%         2
 Call Canine Familiar     Summ           0%         N/A       99%         3
 Ignite Poison            Fire/Tmut/Pois 0%         N/A       99%         3
 Mephitic Cloud           Conj/Pois/Air  0%         N/A       99%         3
 Stone Arrow              Conj/Erth      0%         3d7       99%         3
 Summon Guardian Golem    Hex/Summ       0%         N/A       99%         3
 Flame Wave               Conj/Fire      0%         2d4       100%        4
 Freezing Cloud           Conj/Ice/Air   0%         6-21      100%        5
 Summon Cactus Giant      Summ           0%         N/A       100%        6


Dungeon Overview and Level Annotations

Branches:
Dungeon (3/15)

Altars:
Okawaru
Trog

Annotations:
D:3 Grinder


Message History

The bolt of light misses you. Grinder gestures at you.
You resist with significant effort.
You whack Grinder!
Grinder convulses!
Grinder is heavily wounded.
Grinder hits you but does no damage.
You hit Grinder.
Grinder convulses.
Grinder is heavily wounded.
Grinder zaps a wand.
The bolt of light hits you!
The now-empty wand crumbles to dust.
You are too injured to fight recklessly!
You are too injured to fight recklessly!
You are too injured to fight recklessly!
You barely miss Grinder.
Grinder is heavily wounded.
Grinder gestures at you.
You suddenly lose the ability to move!
Grinder hits you.
* * * LOW HITPOINT WARNING * * *
You writhe in agony.
* * * LOW HITPOINT WARNING * * *
You can move again.
You barely miss Grinder.
Grinder is heavily wounded.
You block Grinder's attack.
You closely miss Grinder.
Grinder is heavily wounded.
Grinder hits you.
* * * LOW HITPOINT WARNING * * *
You closely miss Grinder.
Grinder is heavily wounded.
Grinder barely misses you.
You closely miss Grinder.
Grinder is heavily wounded.
Grinder gestures at you. You resist with significant effort.
You closely miss Grinder.
Grinder is heavily wounded.
Grinder barely misses you. Grinder hits you!
You die...

#.###.##.# ##......# # #.#
#.##.# ##...#.# #.# #.##.#
##+##.# #.###.##.# #.##..
###..##.##.# ##.#####
#..........# #####.....#
#..#..#.##<# ##...#.>.#.#
#.#_#...##.###..........###
#..#..#...@................
#.....####5###........#.###
####..####.# ##...#..##.#
##.....(# #####..##.#
######## #.....# ##.####
#.###### #####.##....
#.....##...5


You could see Grinder.

Vanquished Creatures
  Sigmund (D:2)
  An iguana (D:2)
  2 worms (D:2)
  A dart slug (D:3)
  An orc (D:3)
  An endoplasm (D:1)
  6 giant cockroaches
  3 goblins
  6 hobgoblins
  4 jackals (D:2)
  A quokka (D:1)
  3 ball pythons (D:1)
  6 bats
  5 frilled lizards
  7 kobolds
  7 rats
55 creatures vanquished.

Notes
Turn   | Place    | Note
-------+----------+-------------------------------------------
     0 | D:1      | Aibolit the Human Fighter began the quest for the Orb.
     0 | D:1      | Reached XP level 1. HP: 18/18 MP: 1/1
   115 | D:1      | Reached XP level 2. HP: 18/24 MP: 2/2
   610 | D:1      | Reached XP level 3. HP: 29/29 MP: 3/3
   935 | D:2      | Found a faded altar of an unknown god.
  1232 | D:2      | Reached XP level 4. HP: 35/35 MP: 4/4
  1350 | D:2      | Noticed Sigmund
  1375 | D:2      | Killed Sigmund
  1376 | D:2      | Reached XP level 5. HP: 17/42 MP: 5/5
  1376 | D:2      | Reached XP level 6. HP: 19/48 MP: 6/6
  2673 | D:3      | Found a bloodstained altar of Trog.
  2690 | D:3      | Became a worshipper of Trog the Wrathful
  2721 | D:3      | Found an iron altar of Okawaru.
  2828 | D:3      | Noticed Grinder
  2828 | D:3      | Paralysed by Grinder for 5 turns
  2877 | D:3      | Paralysed by Grinder for 4 turns
  2952 | D:3      | Paralysed by Grinder for 4 turns
  3229 | D:3      | Paralysed by Grinder for 2 turns
  3235 | D:3      | Slain by Grinder

Illustrated notes

Levels and vault maps discovered:
D:1:      amcnicky_arrival_blooded_trapdoor, layout_basic
D:2:      layout_loops_cross, basic_ecumenical_altar, uniq_sigmund
D:3:      layout_loops_corners, okawaru_metal_pillars_1_2,
          mainiacjoe_overflow_alcove_4, kennysheep_pointless_box,
          wad_floor_pattern_1, uniq_grinder

Skill      XL: |  1  2  3  4 |
---------------+-------------+-----
Fighting       | 4 |  4.4
Armour         | 4 |  4.4
Shields        | 4 |  4.4
Short Blades   | |  2.3

Action                   |  1- 3 |  4- 6 || total
-------------------------+-------+-------++-------
Melee: Rapier            |    72 |       ||    72
       Whip              |     8 |   113 ||   121
Evoke: Wand              |       |     1 ||     1
  Use: Potion            |     1 |     1 ||     2
       Scroll            |       |     1 ||     1
Armor: Scale mail        |    37 |    50 ||    87
Dodge: Dodged            |    30 |    51 ||    81
Block: Buckler           |     9 |    28 ||    37
